 Dungeon Crawl Stone Soup version 0.26.1-2-gb8aa6d0cf2 (webtiles) character file.

Game seed: 7028602825622510714

4381 windgrace the Basher (level 10, -3/88 HPs)
             Began as a Minotaur Berserker on Feb 10, 2021.
             Was a High Priest of Trog.
             Slain by a cyclops (8 damage)
             ... on level 7 of the Dungeon.
             The game lasted 00:27:05 (7128 turns).

windgrace the Basher (Minotaur Berserker)           Turns: 7128, Time: 00:27:05

Health: -3/88      AC: 14    Str: 26    XL:     10   Next: 13%
Magic:  9/9        EV: 10    Int: 10    God:    Trog [*****.]
Gold:   434        SH:  4    Dex:  9    Spells: 9/9 levels left

rFire    + . .     SeeInvis .   f - +5 long sword
rCold    . . .     Faith    .   M - +0 buckler
rNeg     + . .     Spirit   .   t - +3 chain mail {rN+}
rPois    .         Reflect  .   (helmet restricted)
rElec    .         Harm     .   (no cloak)
rCorr    .         Rampage  .   (no gloves)
Will     ++...                  (no boots)
Stlth    ..........             (no amulet)
HPRegen  1.24/turn              y - +6 ring of intelligence
MPRegen  0.11/turn              U - ring of protection from fire

@: regenerating
A: retaliatory headbutt, horns 2
a: Renounce Religion, Berserk, Trog's Hand, Brothers in Arms


You were on level 7 of the Dungeon.
You worshipped Trog.
Trog was extremely pleased with you.
You visited 1 branch of the dungeon, and saw 7 of its levels.
You also visited: Sewer.

You collected 434 gold pieces.

Inventory:

Hand Weapons
 a - a +0 falchion
 f - a +5 long sword (weapon)
 h - a +1 war axe of freezing
 j - a +0 long sword
 s - a +0 mace of venom
 A - a +1 hand axe of draining
 E - a +4 flail of holy wrath
 P - a +1 spear of venom
Missiles
 d - 44 poisoned darts
 e - 7 boomerangs
 z - 4 atropa-tipped darts
 N - 7 silver javelins
 O - 2 throwing nets
Armour
 b - a +0 animal skin
 g - a +0 leather armour
 m - a +0 helmet
 n - a +0 leather armour
 p - a +0 leather armour
 t - a +3 chain mail of positive energy (worn)
 M - a +0 buckler (worn)
 S - +2 steam dragon scales
Jewellery
 y - a +6 ring of intelligence (left hand)
 T - an uncursed ring of resist corrosion
 U - a ring of protection from fire (right hand)
Wands
 w - a wand of enslavement (11)
 C - a wand of flame (17)
 D - a wand of random effects (12)
Scrolls
 c - 7 scrolls of identify {unknown}
 i - 3 scrolls of remove curse
 q - a scroll of fear {unknown}
 u - 2 scrolls of immolation {unknown}
 v - a scroll of noise {unknown}
 x - 3 scrolls of teleportation {unknown}
 H - 2 scrolls of enchant armour {unknown}
 J - 2 scrolls of magic mapping {unknown}
 Q - a scroll of amnesia {unknown}
Potions
 k - 6 potions of flight
 l - 2 potions of curing
 o - a potion of haste {unknown}
 r - 2 potions of degeneration {unknown}
 B - 2 potions of mutation {unknown}
 F - a potion of invisibility {unknown}
 G - a potion of cancellation {unknown}
 I - 2 potions of attraction {unknown}
 K - a potion of berserk rage {unknown}
 L - 2 potions of magic
 R - a potion of lignification {unknown}


   Skills:
 + Level 8.0 Fighting
 + Level 5.3 Long Blades
 + Level 7.3(9.5) Axes
 + Level 9.4(10.5) Maces & Flails
 + Level 8.5 Armour
 + Level 4.8 Dodging
 + Level 1.4 Stealth
 + Level 2.2 Shields


You had 9 spell levels left.
You didn't know any spells.
Your spell library was empty.

Dungeon Overview and Level Annotations

Branches:
Dungeon (7/15)             Temple (0/1) D:7           Sewer (visited)

Altars:
Dithmenos
Fedhas
Qazlal
Trog
Wu Jian

Shops:
D:7 (


Innate Abilities, Weirdness & Mutations

You reflexively headbutt those who attack you in melee.
You have a pair of horns on your head.


Message History

You see here a bubbling golden potion.
A cyclops is nearby!
Found a shadowy altar of Dithmenos.
The cyclops throws a large rock.
The large rock hits you!
You see here a large rock.
The cyclops throws a large rock.
The large rock hits you!!
* * * LOW HITPOINT WARNING * * *
You see here a large rock.
You feel better.
Okay, then.
Okay, then.
You feel better.
Your skin crawls.
You feel strong-willed. The cyclops hits you!!
* * * LOW HITPOINT WARNING * * *
You slash the cyclops!
The cyclops is moderately wounded.
The cyclops hits you!
You die...

#....................
#....................
##............#..:....
##.............###.#...
##.!.............#
.###.
#...............## #.
##...()........## #
##....(.......## #
.........@.....##
##........C.....# #
.................# ##
#...#.....<...#.... #.
#_..###.......##.# #..
## #......## # #...
##.....# #.... .......
#.... #....


You could see a cyclops.

Vanquished Creatures
  Pikel (D:4)
  Maggie (D:6)
  Sigmund (D:6)
  Edmund (D:4)
  Duvessa (D:4)
  An ice beast (D:6)
  An orc warrior (D:4)
  3 sky beasts
  5 ogres
  A centaur (D:7)
  A lemure (D:4)
  A big kobold (Sewer)
  Dowan (D:4)
  3 scorpions
  3 wights (D:7)
  7 howler monkeys (D:7)
  2 centaur zombies
  2 jellies
  5 hounds
  3 orc priests
  A bullfrog skeleton (D:5)
  5 orc wizards
  A centaur skeleton (D:4)
  Natasha (thrice) (D:2)
  An iguana (D:4)
  Terence (D:2)
  7 worker ants
  A hound zombie (D:5)
  A howler monkey zombie (D:6)
  11 adders
  A shadow imp (D:7)
  A white imp (D:7)
  An ooze (D:3)
  2 adder zombies
  4 worms
  5 dart slugs
  5 leopard geckos
  33 orcs
  2 ball pythons
  5 bats
  3 giant cockroaches
  9 goblins
  5 hobgoblins
  9 jackals
  9 kobolds
  2 quokkas (D:2)
  A ball python skeleton (D:5)
  8 frilled lizards
  15 rats
196 creatures vanquished.

Vanquished Creatures (collateral kills)
  An unseen horror (D:7)
  2 wights (D:7)
  A bullfrog zombie (D:7)
  An orc priest (D:7)
  An orc (D:7)
6 creatures vanquished.

Grand Total: 202 creatures vanquished

Notes
Turn   | Place    | Note
-------+----------+-------------------------------------------
     0 | D:1      | windgrace the Minotaur Berserker began the quest for the
                  | Orb.
     0 | D:1      | Reached XP level 1. HP: 19/19 MP: 0/0
   341 | D:1      | Reached XP level 2. HP: 26/27 MP: 1/1
  1063 | D:2      | Reached XP level 3. HP: 33/33 MP: 2/2
  1072 | D:2      | Reached skill level 1 in Axes
  1210 | D:2      | Found a bloodstained altar of Trog.
  1372 | D:2      | Reached XP level 4. HP: 33/41 MP: 3/3
  1501 | D:2      | Noticed Natasha
  1507 | D:2      | Killed Natasha
  1535 | D:2      | Noticed Natasha
  1538 | D:2      | Killed Natasha
  1792 | D:2      | Found an ornate altar of the Wu Jian Council.
  1802 | D:2      | Reached ** piety under Trog
  1994 | D:2      | Noticed Terence
  2003 | D:2      | Killed Terence
  2004 | D:2      | Reached skill level 5 in Long Blades
  2004 | D:2      | Reached XP level 5. HP: 47/47 MP: 4/4
  2406 | D:2      | Noticed Natasha
  2410 | D:2      | Killed Natasha
  2556 | D:3      | Found a stormy altar of Qazlal.
  2994 | D:3      | Reached XP level 6. HP: 55/55 MP: 5/5
  3021 | D:3      | Reached skill level 5 in Fighting
  3313 | D:3      | Reached *** piety under Trog
  3601 | D:4      | Noticed Edmund
  3616 | D:4      | Killed Edmund
  3617 | D:4      | Reached skill level 5 in Axes
  3617 | D:4      | Reached XP level 7. HP: 61/61 MP: 6/6
  3705 | D:4      | Noticed Pikel
  3724 | D:4      | Killed Pikel
  3725 | D:4      | Reached skill level 2 in Maces & Flails
  3745 | D:4      | Reached XP level 8. HP: 59/70 MP: 7/7
  3832 | D:4      | Reached skill level 3 in Maces & Flails
  4142 | D:4      | Noticed Duvessa
  4149 | D:4      | Killed Duvessa
  4149 | D:4      | Noticed Dowan
  4150 | D:4      | Reached skill level 5 in Armour
  4156 | D:4      | Killed Dowan
  4305 | D:4      | Reached skill level 4 in Maces & Flails
  4481 | D:5      | Entered Level 5 of the Dungeon
  4512 | D:5      | Found a blossoming altar of Fedhas.
  4793 | D:5      | Reached skill level 5 in Maces & Flails
  4977 | D:5      | Reached **** piety under Trog
  5358 | D:6      | Reached skill level 6 in Maces & Flails
  5380 | D:6      | Reached XP level 9. HP: 61/78 MP: 8/8
  5391 | D:6      | Noticed Sigmund
  5397 | D:6      | Killed Sigmund
  5487 | D:6      | Reached skill level 7 in Maces & Flails
  5547 | D:6      | Found a blossoming altar of Fedhas.
  5920 | D:6      | Found a glowing drain.
  5930 | Sewer    | Entered a sewer
  6022 | Sewer    | Reached skill level 8 in Maces & Flails
  6090 | Sewer    | Found a white marble altar of Elyvilon.
  6170 | D:6      | Noticed Maggie
  6180 | D:6      | Killed Maggie
  6181 | D:6      | Reached skill level 1 in Stealth
  6505 | D:7      | Reached skill level 1 in Shields
  6535 | D:7      | Found Tick's Antique Weapon Shoppe.
  6556 | D:7      | Reached ***** piety under Trog
  6557 | D:7      | Reached skill level 9 in Maces & Flails
  6560 | D:7      | Found a staircase to the Ecumenical Temple.
  6626 | D:7      | Killed an unseen horror
  6653 | D:7      | Reached XP level 10. HP: 33/87 MP: 9/9
  7120 | D:7      | Noticed a cyclops
  7121 | D:7      | Found a shadowy altar of Dithmenos.
  7127 | D:7      | HP: 4/88 [cyclops (21)]
  7128 | D:7      | Slain by a cyclops

Illustrated notes

Levels and vault maps discovered:
D:1:      matt_arrival_spirals, layout_basic
D:2:      layout_basic, lemuel_doored_altar, trog_butcher_becter, uniq_natasha,
          uniq_terence
D:3:      layout_loops_corners, chequers_serial_rivers_micro_c,
          nicolae_qazlal_general_emergency
D:4:      layout_loops_ring, uniq_duvessa, uniq_pikel, uniq_edmund
D:5:      layout_basic, basic_altar
D:6:      layout_cave_pools, portal_sewer_entry_d, amcnicky_altar_gilded,
          uniq_maggie, uniq_sigmund
D:7:      layout_cave_pools, grunt_temple_overflow_diamond,
          nicolae_overflow_quartered_altars,
          minmay_temple_entry_statues_fountains, serial_shops,
          nicolae_shop_stone, grunt_ministairs_6, hangedman_minor_gate_pass

Skill      XL: |  1  2  3  4  5  6  7  8  9 10 |
---------------+-------------------------------+-----
Long Blades    | 4 5 |  5.3
Fighting       | 4 5 6 7 8 |  8.0
Axes           | 1 3 5 6 7 |  7.3
Dodging        | 3 4 |  4.8
Armour         | 3 4 6 8 |  8.5
Maces & Flails | 2 6 9 |  9.4
Stealth        | 1 |  1.4
Shields        | 1 2 |  2.2

Action                   |  1- 3 |  4- 6 |  7- 9 | 10-12 || total
-------------------------+-------+-------+-------+-------++-------
Melee: Falchion          |    38 |       |       |       ||    38
       Headbutt          |     6 |    23 |    41 |    11 ||    81
       War axe           |    26 |    98 |       |       ||   124
       Hand axe          |       |    33 |       |       ||    33
       Flail             |       |       |   267 |       ||   267
       Long sword        |       |       |     4 |    36 ||    40
Invok: Berserk           |     1 |     2 |     6 |       ||     9
       Trog's Hand       |       |       |     2 |     1 ||     3
       Brothers in Arms  |       |       |     1 |       ||     1
  Use: Scroll            |     1 |       |       |       ||     1
       Potion            |       |       |     7 |     2 ||     9
Armor: Leather armour    |    19 |     2 |       |       ||    21
       Animal skin       |     1 |       |       |       ||     1
       Chain mail        |       |    51 |   158 |    15 ||   224
Dodge: Dodged            |    43 |    63 |    99 |    18 ||   223
Block: Buckler           |       |       |    20 |     7 ||    27
       Rpst.: Falchion   |     7 |       |       |       ||     7
       Long sword        |       |       |       |     8 ||     8
